 Dungeon Crawl Stone Soup version 0.31.0-11-ge490571c62 (webtiles) character file.

Game seed: 10846046883331396393

1817 monsoonserge the Cudgeller (level 9, 0/103 HPs)
             Began as a Gnoll Reaver on Feb 1, 2024.
             Succumbed to a gnoll sergeant's poison
             ... on level 5 of the Dungeon.
             The game lasted 00:18:24 (4041 turns).

monsoonserge the Cudgeller (Gnoll Reaver)           Turns: 4041, Time: 00:18:24

Health: 0/103      AC: 24    Str: 16 (17) XL:     9   Next: 10%
Magic:  18/18      EV:  2    Int: 16 (17) God:
Gold:   306        SH: 10    Dex: 13 (14) Spells: 20/21 levels left

rFire   . . .        E - +8 falchion "Pisam" {drain, *Noise Str+6 Int+3 Stlth+}
rCold   . . .        v - +0 buckler
rNeg    . . .        x - melded +0 ring mail {rF+}
rPois   +            w - melded +0 helmet {Int+3}
rElec   .            (cloak currently unavailable)
rCorr   +            (gloves currently unavailable)
SInv    .            (boots currently unavailable)
Will    .....        f - amulet of reflection
Stlth   +++          a - ring of resist corrosion
HPRegen 0.37/turn    (no ring)
MPRegen 0.16/turn

%: reflection
@: brilliant, lethally poisoned (0 -> -10), tree-form, attractive, hasted,
invisible, very quick
A: stationary, stasis, torment immunity, boosted hp, (fangs 1), strong nose,
distributed training
a: no special abilities


You were on level 5 of the Dungeon.
You were a tree.
You visited 1 branch of the dungeon, and saw 6 of its levels.
You visited the Abyss 1 time.
You also visited: Ossuary.

You collected 306 gold pieces.

Inventory:

Hand Weapons
 l - a +2 whip of distortion
 E - the +8 falchion "Pisam" (weapon) {drain, *Noise Str+6 Int+3 Stlth+}
   (You took it off Sigmund on level 4 of the Dungeon)

   Str+6:     It affects your strength (+6).
   Int+3:     It affects your intelligence (+3).
   *Noise:    It may make a loud noise when swung.
   Stlth+:    It makes you more stealthy.
Missiles
 h - 5 darts of dispersal
 q - 3 poisoned darts (quivered)
 H - 2 boomerangs
Armour
 v - a +0 buckler (worn)
 w - a +0 helmet of intelligence (melded)
 x - a +0 ring mail of fire resistance (melded)
 F - a +1 robe of fire resistance
Jewellery
 a - a ring of resist corrosion (left branch)
 f - an amulet of reflection (around neck)
 i - a ring of flight
 y - a ring of wizardry
 G - a ring of willpower
Wands
 b - a wand of flame (25)
Scrolls
 e - a scroll of silence {unknown}
 g - 2 scrolls of immolation
 j - a scroll of butterflies
 k - a scroll of teleportation
 m - a scroll of amnesia
 n - a scroll of blinking {unknown}
 o - a scroll of fear
 p - a scroll of vulnerability
 s - 2 scrolls of revelation
Potions
 t - a potion of mutation {unknown}
 u - 2 potions of attraction
 z - a potion of resistance {unknown}
 A - a potion of magic
 B - a potion of enlightenment
 C - a potion of haste
 D - 3 potions of lignification


   Skills:
 + Level 6.2 Fighting
 + Level 4.0 Short Blades
 + Level 4.0 Long Blades
 + Level 4.0 Axes
 + Level 7.8 Maces & Flails
 + Level 4.0 Polearms
 + Level 4.0 Staves
 + Level 4.0 Ranged Weapons
 + Level 4.0 Throwing
 + Level 4.0 Armour
 + Level 6.2 Dodging
 + Level 4.0 Stealth
 + Level 4.0 Shields
 + Level 4.0 Unarmed Combat
 + Level 6.5 Spellcasting
 + Level 6.4 Conjurations
 + Level 3.3 Hexes
 + Level 3.3 Summonings
 + Level 3.3 Necromancy
 + Level 3.3 Translocations
 + Level 3.3 Fire Magic
 + Level 3.3 Ice Magic
 + Level 3.3 Air Magic
 + Level 3.3 Earth Magic
 + Level 3.3 Alchemy
 + Level 4.4 Invocations
 + Level 4.0 Evocations
 + Level 3.6 Shapeshifting


You had 20 spell levels left.
You knew the following spells:

 Your Spells              Type           Power      Damage    Failure   Level
a - Kiss of Death         Conj/Necr      100%       2d13      2%          1

Your spell library contained the following spells:

 Spells                   Type           Power      Damage    Failure   Level
 Sting                    Conj/Alch      100%       1d9       2%          1
 Momentum Strike          Conj/Tloc      62%        3d9       3%          2
 Apportation              Tloc           46%        N/A       4%          1
 Necrotise                Necr           92%        1d8       4%          1
 Summon Small Mammal      Summ           92%        N/A       4%          1
 Hailstorm                Conj/Ice       31%        3d8       7%          3
 Tukima's Dance           Hex            23%        N/A       13%         3
 Iskenderun's Mystic Bla  Conj/Tloc      31%        2d8       22%         4
 Dimensional Bullseye     Hex/Tloc       11%        N/A       38%         4
 Leda's Liquefaction      Alch/Erth      11%        N/A       38%         4
 Lee's Rapid Deconstruct  Erth           11%        3d8*      75%         5
 Bombard                  Conj/Erth      15%        9d3       98%         6


Dungeon Overview and Level Annotations

Branches:
Dungeon (6/15)            Ossuary (visited)
 Temple: D:4-7

Altars:
Cheibriados
Elyvilon
Gozag
Nemelex Xobeh
Okawaru
Ru
Trog
Zin
The Shining One


Innate Abilities, Weirdness & Mutations

You are a tree.
Your roots penetrate the ground, keeping you stationary.
You cannot be teleported.
You are immune to unholy pain and torment.
Your maximum health is greatly increased.
Your equipment is partially melded.
((You have very sharp teeth.))
Your uncanny sense of smell can sniff out nearby items.
Your experience applies equally to all skills.


Message History

Unknown command.
It was a potion of attraction.
You feel attractive to monsters.
* * * LOW HITPOINT WARNING * * *
You feel very sick. You block the gnoll's attack.
You block the gnoll sergeant's attack.
It was a potion of lignification.
You turn into a tree.
Your +0 helmet of intelligence melds into your body.
Your +0 ring mail of fire resistance melds into your body.
You feel stupid.
You feel less resistant to fire.
Your roots penetrate the ground.
You feel sick. You block the gnoll's attack. x2
The gnoll sergeant hits you but does no damage.
It was a potion of magic.
Magic courses through your body.
You feel sick. The gnoll hits you with a +0 club.
* * * LOW HITPOINT WARNING * * *
The gnoll hits you but does no damage. You block the gnoll sergeant's attack.
It was a potion of enlightenment.
Your roots keep you in place.
You feel sick. The gnoll hits you but does no damage.
The gnoll hits you from afar with a +0 halberd.
* * * LOW HITPOINT WARNING * * *
The gnoll sergeant hits you but does no damage.
It was a potion of haste.
You feel yourself speed up.
* * * LOW HITPOINT WARNING * * *
You feel sick. You block the gnoll's attack. x2
The gnoll sergeant hits you but does no damage.
It was a potion of brilliance.
You feel clever all of a sudden.
* * * LOW HITPOINT WARNING * * *
You feel sick. The gnoll completely misses you.
It was a potion of invisibility.
You fade into invisibility!
Your enlightenment fades.
You block the gnoll's attack.
The gnoll sergeant hits you but does no damage.
You are more poisoned.
You block the gnoll's attack.
It was a potion of degeneration.
There was something very wrong with that liquid.
You feel weakened.
You feel dopey.
You feel clumsy.
You die...

#* ******#########.....,#.......
.* *,,,,,.......##......#...##..
.* *,****#......##.##.#.#...##..
.****,* #.......#..#.#.#...##..
.,,,,,****#.......#..#.#.#...##..
.*****,,,,∆**#...........#..†##..
.,,***,,,..###.#.....#...........
.,,,,,,,,...≈≈≈≈.≈≈≈≈#.......###.
#*****,,,..#≈##≈♣≈##≈......#.# #.
#*****,,,,,*~*##g###≈##....#.# #.
.,,,,,,,,,,,~~#ggg#≈≈..#.....# #.
.,,,,,,,,,,,~~#.gg#≈≈......### #.
.,,,,,,,,,,,~~#./.#≈≈.###.### #.
****,,,,,,,,~*######≈.#.....#**#.
,,,,,,,,,,,,~**~~~*#≈.#.#.###,*#.
****,,,,,,,,~~~~~~~≈≈*#.._..#,*#.
*,,,,,,,,,,,*,,**,...*###.#.#,,#.


You could see a gnoll sergeant (unable to see you) and 5 gnolls.

Vanquished Creatures
  A two-headed ogre (D:6)
  Sigmund (D:4)
  Blork the orc (D:4)
  An elf zombie (Ossuary)
  A centaur zombie (Ossuary)
  3 human zombies (Ossuary)
  A jelly (D:6)
  A bombardier beetle (D:6)
  2 hounds
  Ijyb (D:4)
  2 iguanas
  Natasha (thrice) (D:3)
  2 orc wizards
  9 hound zombies (Ossuary)
  2 mummies (Ossuary)
  Robin (D:2)
  5 gnolls
  5 adders
  2 ufetubi (D:6)
  6 adder zombies (Ossuary)
  4 dart slugs
  A ribbon worm (D:5)
  20 orcs
  6 endoplasms
  A giant cockroach (D:2)
  17 goblins
  10 hobgoblins
  7 jackals
  3 quokkas
  7 ball pythons
  6 bats
  6 frilled lizards
  4 gnoll zombies (Ossuary)
  5 jackal zombies (Ossuary)
  4 kobolds
  2 kobold zombies (Ossuary)
  3 orc zombies (Ossuary)
  A rat (D:1)
157 creatures vanquished.

Vanquished Creatures (others)
  A bombardier beetle (D:4)
  A kobold (D:4)
2 creatures vanquished.

Grand Total: 159 creatures vanquished

Notes
Turn   | Place    | Note
-------+----------+-------------------------------------------
     0 | D:1      | monsoonserge the Gnoll Reaver began the quest for the Orb.
     0 | D:1      | Reached XP level 1. HP: 20/20 MP: 6/6
   222 | D:1      | Reached XP level 2. HP: 26/26 MP: 7/7
   424 | D:1      | Reached skill level 5 in Spellcasting
   424 | D:1      | Reached XP level 3. HP: 10/29 MP: 6/9
   758 | D:1      | Reached skill level 1 in Invocations
   912 | D:2      | Reached skill level 1 in Short Blades
   912 | D:2      | Reached skill level 1 in Long Blades
   912 | D:2      | Reached skill level 1 in Axes
   912 | D:2      | Reached skill level 1 in Polearms
   912 | D:2      | Reached skill level 1 in Staves
   912 | D:2      | Reached skill level 1 in Ranged Weapons
   912 | D:2      | Reached skill level 1 in Throwing
   912 | D:2      | Reached skill level 1 in Armour
   912 | D:2      | Reached skill level 1 in Stealth
   912 | D:2      | Reached skill level 1 in Shields
   912 | D:2      | Reached skill level 1 in Unarmed Combat
   912 | D:2      | Reached skill level 1 in Evocations
   926 | D:2      | Identified the +0 dagger of the Vaults {spect, rElec Will+
                  | Str+3}
   991 | D:2      | Reached skill level 1 in Shapeshifting
   991 | D:2      | Reached XP level 4. HP: 33/38 MP: 11/11
  1105 | D:2      | Reached skill level 1 in Hexes
  1105 | D:2      | Reached skill level 1 in Summonings
  1105 | D:2      | Reached skill level 1 in Necromancy
  1105 | D:2      | Reached skill level 1 in Translocations
  1105 | D:2      | Reached skill level 1 in Fire Magic
  1105 | D:2      | Reached skill level 1 in Ice Magic
  1105 | D:2      | Reached skill level 1 in Air Magic
  1105 | D:2      | Reached skill level 1 in Earth Magic
  1105 | D:2      | Reached skill level 1 in Alchemy
  1298 | D:3      | Noticed Natasha
  1305 | D:3      | Killed Natasha
  1306 | D:3      | Reached XP level 5. HP: 15/43 MP: 12/12
  1431 | D:3      | Found a glowing golden altar of the Shining One.
  1455 | D:3      | Noticed Natasha
  1467 | D:3      | Killed Natasha
  1494 | D:3      | Noticed Natasha
  1504 | D:3      | Killed Natasha
  1592 | D:2      | Noticed Robin
  1596 | D:3      | Reached XP level 6. HP: 28/39 MP: 13/13
  1740 | D:2      | Killed Robin
  1868 | D:3      | Reached skill level 5 in Fighting
  1868 | D:3      | Reached skill level 5 in Dodging
  1901 | D:3      | Found a sparkling altar of Nemelex Xobeh.
  2119 | D:3      | Found a bloodstained altar of Trog.
  2208 | D:4      | Noticed Sigmund
  2269 | D:4      | Found a sacrificial altar of Ru.
  2269 | D:4      | Found a white marble altar of Elyvilon.
  2303 | D:4      | Found a glowing silver altar of Zin.
  2397 | D:4      | Noticed Ijyb
  2410 | D:4      | Killed Ijyb
  2577 | D:4      | Found a sand-covered staircase.
  2582 | Ossuary  | Entered an ossuary
  2612 | Ossuary  | Reached skill level 7 in Maces & Flails
  2612 | Ossuary  | Reached XP level 7. HP: 31/37 MP: 15/15
  3018 | D:4      | Found a snail-covered altar of Cheibriados.
  3022 | D:4      | Identified the +8 falchion "Pisam" {drain, *Noise Str+6
                  | Int+3 Stlth+}
  3028 | D:4      | Killed Sigmund
  3029 | D:4      | Reached XP level 8. HP: 61/63 MP: 16/16
  3117 | D:4      | Noticed Blork the orc
  3128 | D:4      | Killed Blork the orc
  3331 | D:5      | Entered Level 5 of the Dungeon
  3336 | Abyss:2  | Cast into level 2 of the Abyss (unwielding a weapon of
                  | distortion)
  3448 | Abyss:2  | Noticed a rakshasa
  3451 | Abyss:2  | Noticed a large abomination
  3455 | D:5      | Escaped the Abyss
  3608 | D:6      | Noticed a two-headed ogre
  3621 | D:6      | Killed a two-headed ogre
  3859 | D:6      | Found an iron altar of Okawaru.
  3879 | D:6      | Reached XP level 9. HP: 68/69 MP: 18/18
  3993 | D:5      | Found an opulent altar of Gozag.
  4037 | D:5      | HP: 3/103 [gnoll/+0 halberd[a gnoll sergeant] (5)]
  4041 | D:5      | Succumbed to a gnoll sergeant's poison

Illustrated notes

Levels and vault maps discovered:
D:1:      roadster_arrival_rocket_small, layout_loops_ring
D:2:      layout_rooms, minmay_tetromino_i2, uniq_robin
D:3:      layout_basic, nemelex_dance_club_becter, trog_hazing_becter,
          mainiacjoe_overflow_small_starburst, hex_intersection, uniq_natasha
D:4:      layout_basic, overflow_temple_1_default, jmf_multi_god_temple,
          slow_altar_1, enter_ossuary_2, hangedman_decor_slide_cut,
          nicolae_the_louvre, uniq_blork_the_orc, uniq_sigmund, uniq_ijyb
D:5:      layout_basic, nicolae_gozag_cash_rules_everything_around_me,
          st_stairs_7, minmay_misc_feat_tower, lightli_minifort
D:6:      layout_basic, nicolae_overflow_crystal_walls, minmay_temple_entry_tees

Skill      XL: |  1  2  3  4  5  6  7  8  9 |
---------------+----------------------------+-----
Spellcasting   | 5 6 |  6.5
Invocations    | 1 2 3 4 |  4.4
Short Blades   | 1 2 3 4 |  4.0
Long Blades    | 1 2 3 4 |  4.0
Axes           | 1 2 3 4 |  4.0
Polearms       | 1 2 3 4 |  4.0
Staves         | 1 2 3 4 |  4.0
Ranged Weapons | 1 2 3 4 |  4.0
Throwing       | 1 2 3 4 |  4.0
Armour         | 1 2 3 4 |  4.0
Stealth        | 1 2 3 4 |  4.0
Shields        | 1 2 3 4 |  4.0
Unarmed Combat | 1 2 3 4 |  4.0
Evocations     | 1 2 3 4 |  4.0
Shapeshifting  | 1 2 3 |  3.6
Hexes          | 1 2 3 |  3.3
Summonings     | 1 2 3 |  3.3
Necromancy     | 1 2 3 |  3.3
Translocations | 1 2 3 |  3.3
Fire Magic     | 1 2 3 |  3.3
Ice Magic      | 1 2 3 |  3.3
Air Magic      | 1 2 3 |  3.3
Earth Magic    | 1 2 3 |  3.3
Alchemy        | 1 2 3 |  3.3
Fighting       | 5 6 |  6.2
Dodging        | 5 6 |  6.2
Maces & Flails | 7 |  7.8
Conjurations   | 6 |  6.4

Action                     |  1- 3 |  4- 6 |  7- 9 || total
---------------------------+-------+-------+-------++-------
  Melee: Mace              |    55 |       |       ||    55
         Bite              |     7 |     9 |    39 ||    55
         Whip              |    22 |   176 |   140 ||   338
         Flail             |     5 |       |       ||     5
         Falchion          |       |       |    79 ||    79
  Throw: Dart              |       |       |     5 ||     5
   Cast: Kiss of Death     |     1 |     4 |       ||     5
    Use: Scroll            |       |       |     8 ||     8
         Potion            |       |       |     8 ||     8
   Stab: Sleeping          |       |     1 |     3 ||     4
 Armour: Leather armour    |    43 |    56 |       ||    99
         Ring mail         |       |    43 |   104 ||   147
         Skin              |       |       |     8 ||     8
  Dodge: Dodged            |    42 |   106 |    98 ||   246
  Block: Other             |    13 |    18 |       ||    31
         Buckler           |       |    53 |    94 ||   147
         Reflection        |       |     5 |     1 ||     6
